 Dungeon Crawl Stone Soup version 0.32-a0-131-g9dbbe29 (webtiles) character file.

Game seed: 5532990781636268459

258 Dorkslayer the Sneak (level 6, 0/40 (42) HPs)
             Began as an Octopode Fighter on Feb 8, 2024.
             Slain by an orc
             ... wielding a +0 short sword
              (6 damage)
             ... on level 4 of the Dungeon.
             The game lasted 00:07:10 (2909 turns).

Dorkslayer the Sneak (Octopode Fighter)             Turns: 2909, Time: 00:07:10

HP:   0/40 (42)     AC:  1    Str: 18    XL:     6   Next: 16%
MP:   6/6           EV: 13    Int: 18    God:
Gold: 174           SH:  4    Dex: 11    Spells: 5/5 levels left

rFire   . . .        o - +2 mace of Ancient Evil {freeze, Int+8}
rCold   . . .        a - +0 buckler
rNeg    . . .        (helmet restricted)
rPois   .            (no amulet)
rElec   .            (no ring)
rCorr   .            (no ring)
SInv    .            (no ring)
Will    .....        (no ring)
Stlth   +++          (no ring)
HPRegen 0.26/turn    (no ring)
MPRegen 0.10/turn    (no ring)
                     (no ring)

%: no passive effects
@: lightly drained
A: almost no armour, amphibious, 8 rings, camouflage 1, gelatinous body 1,
(nimble swimmer 1), tentacles
a: no special abilities


You were on level 4 of the Dungeon.
You visited 1 branch of the dungeon, and saw 4 of its levels.

You collected 174 gold pieces.

Inventory:

Hand Weapons
 o - the +2 mace of Ancient Evil (weapon) {freeze, Int+8}
   (You found it on level 3 of the Dungeon)

   Int+8:     It affects your intelligence (+8).
Missiles
 p - 2 boomerangs (quivered)
Armour
 a - a +0 buckler (worn)
Talismans
 f - a granite talisman
Wands
 r - a wand of flame (24)
Scrolls
 c - 3 scrolls of poison
 m - 3 scrolls of fear
 q - a scroll of immolation {unknown}
Potions
 b - a potion of might
 d - a potion of heal wounds
 e - 2 potions of magic
 g - a potion of brilliance {unknown}
 j - a potion of resistance {unknown}
 l - a potion of enlightenment {unknown}
 n - a potion of cancellation {unknown}


   Skills:
 + Level 3.3 Fighting
 * Level 2.3 Maces & Flails
 + Level 3.6 Dodging
 + Level 4.1 Stealth
 + Level 3.2 Shields
 * Level 3.1 Unarmed Combat
 * Level 1.6 Shapeshifting


You had 5 spell levels left.
You didn't know any spells.
Your spell library contained the following spells:

 Spells                   Type           Power      Damage    Failure   Level
 Slow                     Hex            0%         N/A       28%         1
 Sting                    Conj/Alch      0%         1d3       28%         1
 Mercury Vapours          Alch/Air       0%         N/A       38%         2
 Confusing Touch          Hex            0%         N/A       63%         3
 Sigil of Binding         Hex            0%         N/A       63%         3
 Vampiric Draining        Necr           0%         2d6       63%         3
 Olgreb's Toxic Radiance  Alch           0%         N/A       95%         4
 Chain Lightning          Conj/Air       0%         N/A       100%        9
 Fire Storm               Conj/Fire      0%         5d1       100%        9
 Shatter                  Erth           0%         3d5*      100%        9


Dungeon Overview and Level Annotations

Branches:
Dungeon (4/15)
 Temple: D:4-7

Altars:
Makhleb

Annotations:
D:3 1 runed translucent door, Dorkslayer's ghost, weakling OpSh


Innate Abilities, Weirdness & Mutations

You cannot wear most types of armour.
You are amphibious.
You can wear up to eight rings at the same time.
Your skin changes colour to match your surroundings (Stealth+).
Your rubbery body absorbs attacks. (AC +1, EV +1)
((You are camouflaged when in or above water. (Stealth+)))
You have tentacles for arms and can constrict up to eight enemies at once.


Message History

The orc hits you with a +0 falchion.
You closely miss the orc. Your grab misses the orc.
Your tentacle-slap misses the orc.
You squeeze the orc.
The orc is heavily wounded.
The orc hits you with a +0 falchion.
An orc comes into view.
It is wielding a +1 flail of protection.
The orc barely misses you. The orc hits you with a +0 falchion.
You closely miss the orc. Your grab misses the orc.
The orc is heavily wounded.
The orc hits you with a +1 dagger of draining.
You feel drained. The hound attacks as it pursues you! The hound bites you.
The orc completely misses you. The hound bites you.
You closely miss the hound. Your grab misses the hound. The hound bites you.
The hound barely misses you.
You hit the hound. You freeze the hound. You grab the hound.
The hound is moderately wounded.
You constrict the hound. You block the hound's attack. The hound bites you.
* * * LOW HITPOINT WARNING * * *
The orc barely misses you.
You hit the orc. You freeze the orc. Your grab misses the orc.
The orc is severely wounded.
You constrict the hound. You block the hound's attack.
The orc closely misses you. The hound closely misses you.
You completely miss the orc. Your grab misses the orc. You squeeze the orc.
The orc is almost dead.
You constrict the hound. The hound misses you. The orc closely misses you.
The hound closely misses you.
You completely miss the orc. You grab the orc. You squeeze the orc.
You kill the orc!
You constrict the hound.
You kill the hound!
The orc throws a boomerang.
The boomerang barely misses you. The orc hits you with a +0 short sword.
* * * LOW HITPOINT WARNING * * *
You block the orc's attack.
The orc throws a boomerang.
The boomerang hits you.
* * * LOW HITPOINT WARNING * * *
The orc hits you with a +0 short sword.
You die...

.........,..,..#.........#######
..........*#,,S............#####
#...##...##*,*,#...........#####
##...*#..#*,,**#......#....###.#*
,....,,...,,,,*###....#..#####..*
,***,,,,,#.r,** ###...#..#.##...,
,**,,,,,*##..####.....<.........,
*,*,>,,,,........o).#...........,
,,,,,*,*,,,.###.@)..##..........*
,,,*,***,,,,,*###oo...#...#....#*
,,,,*****,,,,,#o.......#####...*
,,,,*,,*,,*#......##.### ***..#*
,,,,,,,,,,..###...####** *,,,.#
,,,,,,,,,,,,,*###..,,*,*****,**
,,,,,,,,,,,,,,**#..,,,,,,**,,,**
,,,,,,,,,,,,,,,,....,*,,**,,,,,*
,,,,,^,,,,,,,,,*..##**,*****,***


You could see 3 orcs and a quokka (asleep).

Vanquished Creatures
  Eustachio (D:4)
  A hound (D:4)
  An iguana (D:4)
  2 adders
  A ribbon worm (D:2)
  2 dart slugs
  3 orcs
  6 ball pythons
  5 bats
  3 endoplasms
  3 giant cockroaches
  5 hobgoblins
  7 jackals
  8 kobolds
  A quokka (D:1)
  4 frilled lizards
  4 goblins
  8 rats
65 creatures vanquished.

Notes
Turn   | Place    | Note
-------+----------+-------------------------------------------
     0 | D:1      | Dorkslayer the Octopode Fighter began the quest for the
                  | Orb.
     0 | D:1      | Reached XP level 1. HP: 16/16 MP: 1/1
   105 | D:1      | Reached XP level 2. HP: 21/21 MP: 2/2
   589 | D:1      | Reached XP level 3. HP: 25/26 MP: 3/3
  1052 | D:2      | Reached skill level 1 in Shapeshifting
  1052 | D:2      | Found a burning altar of Makhleb.
  1205 | D:2      | You fall into a shaft and drop 1 floor!
  1243 | D:3      | Found a runed translucent door.
  1243 | D:3      | Noticed Dorkslayer's ghost (weakling OpSh)
  1368 | D:2      | Reached skill level 1 in Stealth
  1515 | D:2      | Reached XP level 4. HP: 31/31 MP: 4/4
  1881 | D:3      | Identified the +2 mace of Ancient Evil {freeze, Int+8}
  2513 | D:3      | Reached skill level 2 in Stealth
  2836 | D:4      | Reached skill level 3 in Stealth
  2836 | D:4      | Reached XP level 5. HP: 35/36 MP: 5/5
  2864 | D:4      | Noticed Eustachio
  2896 | D:4      | Killed Eustachio
  2897 | D:4      | Reached skill level 4 in Stealth
  2897 | D:4      | Reached XP level 6. HP: 40/42 MP: 6/6
  2909 | D:4      | Slain by an orc

Illustrated notes

Levels and vault maps discovered:
D:1:      saegor_arrival_simple_b, layout_basic, chequers_serial_rivers_micro_b,
          minmay_hexomino_p4
D:2:      layout_loops_ring, basic_altar, hangedman_decor_points
D:3:      layout_basic, hellmonk_ghost_happy_afterlife,
          minmay_misc_feat_four_crosses, chequers_serial_rivers_small_3
D:4:      layout_cave_pools, zin_academy, serial_column_ruins,
          column_ruins_hut_ruined, column_ruins_open_tiny,
          column_ruins_corridor_T, column_ruins_open_small,
          column_ruins_columns_corner, uniq_eustachio

Skill      XL: |  1  2  3  4  5 |
---------------+----------------+-----
Shapeshifting  | 1 |  1.6
Stealth        | 1 3 4 |  4.1
Maces & Flails | 2 |  2.3
Unarmed Combat | 3 |  3.1
Fighting       | |  3.3
Dodging        | |  3.6
Shields        | |  3.2

Action                     |  1- 3 |  4- 6 || total
---------------------------+-------+-------++-------
  Melee: Unarmed           |    77 |     4 ||    81
         Constrict         |    21 |    13 ||    34
         Tentacles         |    18 |    14 ||    32
         Punch             |     4 |     3 ||     7
         Mace              |       |    47 ||    47
    Use: Scroll            |       |     8 ||     8
   Stab: Sleeping          |    11 |     4 ||    15
 Armour: Skin              |    21 |    32 ||    53
  Dodge: Dodged            |    46 |    31 ||    77
  Block: Buckler           |    10 |    12 ||    22

Table legend: (Time is in decaauts)
 A = Elapsed time spent in this place.
 B = Non-inter-level travel time spent in this place.
 C = Inter-level travel time spent in this place.
 D = Time resting spent in this place.
 E = Time spent auto-exploring this place.
 F = Levels seen in this place.
 G = Mean time per level.
                   A        B        C        D        E       F      G
               +--------+--------+--------+--------+--------+-----+--------+
         Total |   2927 |   2927 |      0 |      0 |   1839 |   4 |  731.8 |
       Dungeon |   2927 |   2927 |      0 |      0 |   1839 |   4 |  731.8 |
               +--------+--------+--------+--------+--------+-----+--------+

Top non-repeatable levels by time:
     D:3: 1050 daAuts
     D:1: 1027 daAuts
     D:2: 735 daAuts
     D:4: 113 daAuts
